 Dungeon Crawl Stone Soup version 0.27.1-34-g3ba077fa99 (webtiles) character file.

Game seed: 5744900642037295015

1584 ticklebelly the Cleaver (level 8, 0/112 HPs)
             Began as a Minotaur Berserker on Jan 8, 2022.
             Was a Priest of Trog.
             Slain by a gnoll sergeant (18 damage)
             ... on level 6 of the Dungeon.
             The game lasted 00:07:17 (5338 turns).

ticklebelly the Cleaver (Minotaur Berserker)        Turns: 5338, Time: 00:07:18

Health: 0/112      AC: 13    Str: 24    XL:     8   Next: 61%
Magic:  7/7        EV:  7    Int:  4    God:    Trog [***...]
Gold:   236        SH:  0    Dex: 10    Spells: 7/7 levels left

rFire    . . .     SeeInvis .   u - +3 flail (vorpal)
rCold    . . .     Faith    .   (no shield)
rNeg     . . .     Spirit   .   l - +0 plate armour
rPois    .         Reflect  .   (helmet restricted)
rElec    .         Harm     .   (no cloak)
rCorr    .         Rampage  .   (no gloves)
Will     .....                  (no boots)
Stlth    ..........             (no amulet)
HPRegen  0.28/turn              (no ring)
MPRegen  0.10/turn              (no ring)

@: berserking, very quick
A: horns 2, retaliatory headbutt
a: Renounce Religion, Berserk, Trog's Hand


You were on level 6 of the Dungeon.
You worshipped Trog.
Trog was most pleased with you.
You visited 1 branch of the dungeon, and saw 6 of its levels.

You collected 236 gold pieces.

Inventory:

Hand Weapons
 a - a +0 hand axe
 u - a +3 vorpal flail (weapon)
Missiles
 r - 2 boomerangs (quivered)
Armour
 l - a +0 plate armour (worn)
 p - a +0 chain mail
 v - a +0 buckler
Jewellery
 h - an amulet of magic regeneration
Scrolls
 c - a scroll of fear {unknown}
 f - 2 scrolls of torment {unknown}
 g - 2 scrolls of teleportation {unknown}
 m - a scroll of amnesia {unknown}
 n - a scroll of enchant armour {unknown}
 o - a scroll of immolation {unknown}
 s - a scroll of blinking {unknown}
 t - 3 scrolls of identify {unknown}
 y - a scroll of summoning {unknown}
 z - a scroll of enchant weapon {unknown}
Potions
 b - a potion of ambrosia {unknown}
 d - 2 potions of resistance {unknown}
 e - 8 potions of curing {unknown}
 i - a potion of cancellation {unknown}
 j - 3 potions of haste {unknown}
 k - a potion of heal wounds {unknown}
 q - 2 potions of mutation {unknown}
 w - a potion of brilliance {unknown}
 x - a potion of attraction {unknown}


   Skills:
 + Level 8.4 Fighting
 + Level 8.4 Axes
 + Level 7.9 Armour
 - Level 2.1 Dodging


You had 7 spell levels left.
You didn't know any spells.
Your spell library was empty.

Dungeon Overview and Level Annotations

Branches:
Dungeon (6/15)
 Temple: D:4-7

Altars:
Wu Jian


Innate Abilities, Weirdness & Mutations

You have a pair of horns on your head.
You reflexively headbutt those who attack you in melee.


Message History

A troll comes into view.
The troll shouts!
You hear a shout! x2
A gnoll sergeant comes into view. It is wielding a +6 vorpal trident.
An orc comes into view. It is wielding a +0 trident.
You thump the troll!
The troll is moderately wounded.
The troll barely misses you. The troll claws you. x2
You thump the troll!
The troll is severely wounded.
An orc comes into view. It is wielding a +0 flail.
The troll closely misses you. You furiously retaliate!
You headbutt the troll. The troll claws you. The troll barely misses you.
You closely miss the troll. You headbutt the troll.
The troll is heavily wounded.
The troll bites you but does no damage. The troll claws you.
The troll closely misses you.
The gnoll sergeant hits you from afar with a +6 vorpal trident!
You hit the troll. You headbutt the troll.
The troll is almost dead.
The troll barely misses you. You furiously retaliate!
You headbutt the troll. The troll claws you. x2
The gnoll sergeant hits you from afar with a +6 vorpal trident.
You hit the troll but do no damage. Your headbutt misses the troll.
The troll is almost dead.
The troll bites you but does no damage. The troll barely misses you.
The troll claws you but does no damage.
The gnoll sergeant drinks a potion.
The gnoll sergeant seems to grow stronger.
You sock the troll!
You kill the troll!
Trog accepts your kill.
The gnoll sergeant hits you from afar with a +6 vorpal trident!
The orc closely misses you.
The gnoll sergeant hits you with a +6 vorpal trident!
* * * LOW HITPOINT WARNING * * *
x2 A gnoll comes into view. It is wielding a +0 club.
A red film seems to cover your vision as you go berserk!
You feel yourself moving faster!
You feel mighty!
The gnoll shouts!
The gnoll sergeant hits you with a +6 vorpal trident!!
You die...

### ... #.. #.# o# #.#
... #.# #.## #.# .#.
#.o.# #@# #... ....#
##g#####.^ .... .. ..$
#.o....... ..##. ....
#.##g....#####.....
..>..#........####...###
..........#........#.....
......$..............#...
......###.....##.........
...... #.....##.<.......


You could see a gnoll sergeant (strong), a gnoll and an orc.

Vanquished Creatures
  A troll (D:6)
  Edmund (D:4)
  2 black bears (D:4)
  An ice beast (D:6)
  A centaur (D:5)
  2 ogres (D:5)
  A phantom (D:5)
  A scorpion (D:5)
  A water moccasin skeleton (D:5)
  A centaur zombie (D:6)
  A jelly (D:4)
  2 bullfrog zombies (D:5)
  A bullfrog skeleton (D:5)
  3 hounds (D:5)
  An orc priest (D:3)
  Jessica (D:3)
  An orc wizard (D:5)
  A hound zombie (D:5)
  4 adders
  6 gnolls
  2 white imps (D:5)
  An ufetubus (D:5)
  An adder skeleton (D:4)
  A worm (D:2)
  3 dart slugs
  13 orcs
  5 ball pythons
  A bat (D:2)
  3 endoplasms
  2 giant cockroaches
  3 goblins
  7 hobgoblins
  7 jackals
  3 quokkas
  10 frilled lizards
  A kobold (D:4)
  6 rats
102 creatures vanquished.

Notes
Turn   | Place    | Note
-------+----------+-------------------------------------------
     0 | D:1      | ticklebelly the Minotaur Berserker began the quest for the
                  | Orb.
     0 | D:1      | Reached XP level 1. HP: 19/19 MP: 0/0
   184 | D:1      | Reached XP level 2. HP: 27/27 MP: 1/1
   726 | D:2      | Reached XP level 3. HP: 23/33 MP: 2/2
  1112 | D:2      | Reached XP level 4. HP: 29/41 MP: 3/3
  1360 | D:2      | Reached ** piety under Trog
  1817 | D:3      | Reached skill level 5 in Axes
  1989 | D:3      | Reached XP level 5. HP: 41/47 MP: 4/4
  2073 | D:3      | Found a faded altar of an unknown god.
  2089 | D:3      | Reached skill level 5 in Fighting
  2360 | D:3      | Noticed Jessica
  2367 | D:3      | Killed Jessica
  2534 | D:4      | Noticed a black bear
  2555 | D:4      | Killed a black bear
  2556 | D:4      | Reached XP level 6. HP: 48/56 MP: 5/5
  2633 | D:4      | Found an ornate altar of the Wu Jian Council.
  2940 | D:4      | Noticed Edmund
  2950 | D:4      | Killed Edmund
  2951 | D:4      | Reached skill level 5 in Armour
  3231 | D:4      | Reached XP level 7. HP: 46/63 MP: 6/6
  3918 | D:5      | Entered Level 5 of the Dungeon
  4481 | D:5      | Reached *** piety under Trog
  4482 | D:5      | Reached XP level 8. HP: 29/73 MP: 7/7
  5318 | D:6      | Noticed a troll
  5336 | D:6      | Killed a troll
  5338 | D:6      | Slain by a gnoll sergeant

Illustrated notes

Levels and vault maps discovered:
D:1:      erik_arrival_orb_chamber, layout_basic
D:2:      layout_basic, st_stairs_11
D:3:      layout_loops_ring, hellmonk_ecumenical_altar_inner_sanctum,
          uniq_jessica
D:4:      layout_layer_cave, nzn_wu_jian_contemplation, st_stairs_12,
          minmay_misc_feat_tower, uniq_edmund
D:5:      layout_rooms, minmay_fractal_squares_gapless_5
D:6:      layout_rooms, fiery_altar_vehumet, grunt_tough_drop

Skill      XL: |  1  2  3  4  5  6  7  8 |
---------------+-------------------------+-----
Axes           | 4 5 6 7 8 |  8.4
Fighting       | 4 5 6 7 8 |  8.4
Armour         | 3 4 5 6 7 |  7.9
Dodging        | |  2.1

Action                   |  1- 3 |  4- 6 |  7- 9 || total
-------------------------+-------+-------+-------++-------
Melee: Hand axe          |    66 |   109 |       ||   175
       Headbutt          |     8 |    14 |    25 ||    47
       Flail             |       |    15 |    97 ||   112
Throw: Boomerang         |       |     4 |       ||     4
       Throwing net      |       |     1 |       ||     1
Invok: Berserk           |     1 |     2 |     2 ||     5
       Trog's Hand       |       |     1 |       ||     1
Armor: Animal skin       |     8 |     3 |       ||    11
       Plate armour      |       |    77 |    83 ||   160
Dodge: Dodged            |    32 |    54 |    54 ||   140
